 Dungeon Crawl Stone Soup version 0.28.0-43-g3370ac3207 (webtiles) character file.

Game seed: 6633747780997050688

362 cbfl8 the Sneak (level 6, 0/53 HPs)
             Began as a Minotaur Delver on Feb 28, 2022.
             Slain by a centaur skeleton (2 damage)
             ... on level 5 of the Dungeon.
             The game lasted 00:02:51 (2263 turns).

cbfl8 the Sneak (Minotaur Delver)                   Turns: 2263, Time: 00:02:52

Health: 0/53       AC: 11    Str: 18    XL:     6   Next: 39%
Magic:  5/5        EV:  6    Int:  7    God:
Gold:   90         SH:  0    Dex: 12    Spells: 5/5 levels left

rFire   . . .      SeeInvis .   h - +0 great mace
rCold   . . .      Faith    .   (shield currently unavailable)
rNeg    . . .      Spirit   .   k - +0 plate armour
rPois   .          Reflect  .   (helmet restricted)
rElec   .          Harm     .   (no cloak)
rCorr   .          Rampage  .   (no gloves)
Will    +....                   (no boots)
Stlth   ..........              (no amulet)
HPRegen 0.17/turn               d - ring of willpower
MPRegen 0.09/turn               (no ring)

@: no status effects
A: horns 2, retaliatory headbutt
a: no special abilities


You were on level 5 of the Dungeon.
You visited 2 branches of the dungeon, and saw 3 of its levels.

You collected 90 gold pieces.

Inventory:

Hand Weapons
 a - a +0 hand axe
 h - a +0 great mace (weapon)
Armour
 b - a +0 leather armour
 k - a +0 plate armour (worn)
Jewellery
 d - a ring of willpower (left hand)
Wands
 g - a wand of digging (3)
Scrolls
 c - 2 scrolls of fog
 e - a scroll of fear
 i - 2 scrolls of identify {unknown}
Potions
 f - a potion of haste
 j - a potion of resistance {unknown}
 l - a potion of curing {unknown}


   Skills:
 + Level 4.4 Fighting
 + Level 3.0(4.0) Axes
 + Level 4.0(4.4) Maces & Flails
 + Level 3.2 Armour
 + Level 2.5 Dodging
 + Level 5.3 Stealth


You had 5 spell levels left.
You didn't know any spells.
Your spell library contained the following spells:

 Spells                   Type           Power      Damage    Failure   Level
 Conjure Flame            Conj/Fire      0%         6-21      100%        3
 Ignite Poison            Fire/Tmut/Pois 0%         N/A       100%        3
 Sticky Flame             Conj/Fire      0%         2d3       100%        4


Dungeon Overview and Level Annotations

Branches:
Dungeon (6/15)             Temple (1/1) D:6

Altars:
Cheibriados
Dithmenos
Elyvilon
Fedhas
Hepliaklqana
Kikubaaqudgha
Makhleb
Nemelex Xobeh
Okawaru
Qazlal
Ru
Vehumet
Wu Jian
Yredelemnul
Zin
The Shining One

Shops:
D:6 =


Innate Abilities, Weirdness & Mutations

You have a pair of horns on your head.
You reflexively headbutt those who attack you in melee.


Message History

You thump the phantom!
You destroy the phantom!
You feel sick. The adder bites you.
* * * LOW HITPOINT WARNING * * *
The centaur skeleton barely misses you. You furiously retaliate!
You headbutt the centaur skeleton!
The centaur skeleton kicks you but does no damage.
The adder bites you.
* * * LOW HITPOINT WARNING * * *
The centaur skeleton hits you.
* * * LOW HITPOINT WARNING * * *
The centaur skeleton kicks you but does no damage.
Your Maces & Flails skill increases to level 4!
Your Armour skill increases to level 3!
You closely miss the adder. You headbutt the adder.
The adder is heavily wounded.
You feel sick. The adder closely misses you.
The centaur skeleton closely misses you.
The centaur skeleton kicks you but does no damage.
The adder barely misses you.
The centaur skeleton completely misses you.
The centaur skeleton barely misses you.
You miss the adder.
The adder is heavily wounded.
You feel sick.
You are no longer poisoned.
The adder bites you but does no damage.
The centaur skeleton hits you but does no damage.
The centaur skeleton kicks you but does no damage.
The adder bites you but does no damage. The centaur skeleton hits you.
* * * LOW HITPOINT WARNING * * *
The centaur skeleton kicks you but does no damage.
You barely miss the adder.
The adder is heavily wounded.
The adder completely misses you. You furiously retaliate!
You headbutt the adder, but do no damage.
The centaur skeleton barely misses you.
The centaur skeleton kicks you but does no damage.
The adder barely misses you. The centaur skeleton hits you.
You die...

#......# #
#.#
#......#
#.#.#
#.#.####
####.#....
.........#
.........#
........[#
.........#
.......@.#
......ZS.#
.........#
.........#
..!...=..#
.#########


You could see an adder and a centaur skeleton.

Vanquished Creatures
  A phantom (D:5)
  A bullfrog (D:6)
  A scorpion (D:5)
  A gnoll shaman (D:5)
  A centaur skeleton (D:5)
  2 iguanas (D:6)
  An orc wizard (D:5)
  A mummy (D:6)
  A shadow imp (D:5)
  4 orcs (D:5)
  A quokka (D:5)
  2 hobgoblin zombies (D:6)
  2 orc zombies (D:6)
19 creatures vanquished.

Notes
Turn   | Place    | Note
-------+----------+-------------------------------------------
     0 | D:5      | cbfl8 the Minotaur Delver began the quest for the Orb.
     0 | D:5      | Reached XP level 1. HP: 19/19 MP: 0/0
    36 | D:6      | Noticed a bullfrog
    42 | D:6      | Found a staircase to the Ecumenical Temple.
    52 | D:6      | Noticed an iguana
    56 | Temple   | Entered the Ecumenical Temple
   406 | D:6      | Killed an iguana
   407 | D:6      | Reached XP level 2. HP: 2/27 MP: 1/1
   783 | D:6      | Found Viuqe's Jewellery Shop.
   830 | D:5      | Noticed an ogre
   837 | D:6      | Reached XP level 3. HP: 19/33 MP: 2/2
  1212 | D:6      | Reached skill level 1 in Armour
  1212 | D:6      | Reached skill level 5 in Stealth
  1443 | D:6      | Killed a bullfrog
  1444 | D:6      | Reached skill level 1 in Maces & Flails
  1444 | D:6      | Reached XP level 4. HP: 22/40 MP: 3/3
  1725 | D:5      | Reached XP level 5. HP: 26/46 MP: 4/4
  2222 | D:5      | Reached XP level 6. HP: 50/53 MP: 5/5
  2262 | D:5      | HP: 2/53 [centaur skeleton (3)]
  2263 | D:5      | Slain by a centaur skeleton

Illustrated notes

Levels and vault maps discovered:
D:5:      layout_basic, gammafunk_temple_overflow_elements,
          kennysheep_generic_room_6
D:6:      wander_river, layout_loops_cross, minmay_temple_entry_offerings,
          serial_shops, nicolae_shop_temple_entry_statues_fountains,
          gup_sewer_entry_glass, minmay_mini_ossuary, uniq_edmund,
          uniq_blork_the_orc, uniq_eustachio
Temple:   eino_temple_scatter_basement

Skill      XL: |  1  2  3  4  5  6 |
---------------+-------------------+-----
Fighting       | 4 |  4.4
Armour         | 1 2 3 |  3.2
Stealth        | 5 |  5.3
Maces & Flails | 1 3 4 |  4.0
Axes           | 3 |  3.0
Dodging        | |  2.5

Action                   |  1- 3 |  4- 6 || total
-------------------------+-------+-------++-------
Melee: Hand axe          |    11 |       ||    11
       Great mace        |    18 |    37 ||    55
       Headbutt          |     3 |     7 ||    10
  Use: Scroll            |     1 |       ||     1
Armor: Leather armour    |     1 |       ||     1
       Plate armour      |     9 |    78 ||    87
Dodge: Dodged            |    18 |    36 ||    54
